 Dungeon Crawl Stone Soup version 0.26.1-11-gd32895ea62 (webtiles) character file.

Game seed: 2258147241709566586

811 H0rd4k the Insei (level 7, -2/44 HPs)
             Began as an Octopode Transmuter on May 4, 2021.
             Was an Initiate of Gozag.
             Killed from afar by Maggie (17 damage)
             ... with a bolt of fire
             ... on level 7 of the Dungeon.
             The game lasted 00:06:37 (7009 turns).

H0rd4k the Insei (Octopode Transmuter)              Turns: 7009, Time: 00:06:37

Health: -2/44      AC:  1    Str: 10    XL:     7   Next: 93%
Magic:  12/12      EV: 14    Int: 17    God:    Gozag
Gold:   355        SH:  5    Dex: 12    Spells: 4/13 levels left

rFire    . . .     SeeInvis .     - Unarmed
rCold    + . .     Faith    .   (no shield)
rNeg     . . .     Spirit   .   (helmet restricted)
rPois    +         Reflect  +   c - amulet of reflection
rElec    .         Harm     .   (no ring)
rCorr    .         Rampage  .   k - ring of poison resistance
Will     .....                  q - ring of protection from cold
Stlth    +++.......             (no ring)
HPRegen  0.14/turn              (no ring)
MPRegen  0.13/turn              (no ring)
                                (no ring)
                                (no ring)

@: no status effects
A: almost no armour, stealthy swim, amphibious, 8 rings, constrict 8, camouflage
1, gelatinous body 1
a: Renounce Religion, Potion Petition, Call Merchant, Bribe Branch


You were on level 7 of the Dungeon.
You worshipped Gozag.
Gozag was aware of your devotion.
You visited 2 branches of the dungeon, and saw 8 of its levels.

You collected 478 gold pieces.
You spent 75 gold pieces at shops.
You paid 48 gold pieces to Gozag.

Inventory:

Missiles
 f - 14 poisoned darts
Magical Staves
 s - an uncursed staff of earth
Jewellery
 c - an amulet of reflection (around mantle)
 k - a ring of poison resistance (right tentacle)
 q - a ring of protection from cold (on tentacle)
Wands
 v - a wand of disintegration (6)
Scrolls
 a - a scroll of enchant weapon
 e - a scroll of remove curse
 i - a scroll of amnesia {unknown}
 j - 2 scrolls of fog {unknown}
 n - 2 scrolls of identify
 p - 2 scrolls of teleportation {unknown}
 r - a scroll of magic mapping {unknown}
 u - a scroll of fear {unknown}
Potions
 b - a potion of mutation
 d - a potion of resistance
 g - a potion of cancellation {unknown}
 h - 4 potions of lignification
 l - a potion of brilliance
 m - 4 potions of might
 o - a potion of heal wounds
 t - 2 potions of curing {unknown}


   Skills:
 + Level 1.7 Fighting
 + Level 3.2 Dodging
 + Level 3.9 Stealth
 + Level 1.0 Shields
 + Level 5.7 Unarmed Combat
 * Level 3.5 Spellcasting
 * Level 3.5 Transmutations
 * Level 3.1 Poison Magic


You had 4 spell levels left.
You knew the following spells:

 Your Spells              Type           Power        Failure   Level
a - Beastly Appendage     Tmut           30%          3%          1
b - Spider Form           Tmut/Pois      7%           13%         3
c - Blade Hands           Tmut           7%           71%         5

Your spell library contained the following spells:

 Spells                   Type           Power        Failure   Level
 Wereblood                Tmut           15%          6%          2
 Animate Skeleton         Necr           4%           17%         1
 Magic Dart               Conj           8%           17%         1
 Pain                     Necr           8%           17%         1
 Blink                    Tloc           N/A          26%         2
 Call Imp                 Summ           2%           26%         2
 Slow                     Hex            2%           26%         2
 Mephitic Cloud           Conj/Pois/Air  6%           32%         3
 Conjure Flame            Conj/Fire      2%           45%         3
 Vampiric Draining        Necr           1%           45%         3
 Ice Form                 Ice/Tmut       9%           63%         4
 Animate Dead             Necr           1%           86%         4
 Agony                    Necr           2%           99%         5


Dungeon Overview and Level Annotations

Branches:
Dungeon (7/15)             Temple (1/1) D:4

Altars:
Ashenzari
Cheibriados
Elyvilon
Fedhas
Gozag
Kikubaaqudgha
Nemelex Xobeh
Qazlal
Ru
Sif Muna
Trog
Uskayaw
Xom
Yredelemnul
Zin
The Shining One

Shops:
D:5 *

Annotations:
D:5 1 runed translucent door, exclusion: door, Crazy Yiuf, Duvessa
D:7 Maggie


Innate Abilities, Weirdness & Mutations

You cannot wear most types of armour.
You are very stealthy in the water. (Stealth+)
You are amphibious.
You can wear up to eight rings at the same time.
You can use your tentacles to constrict eight enemies at once.
Your skin changes colour to match your surroundings (Stealth+).
Your rubbery body absorbs attacks. (AC +1, EV +1)


Message History

The orc warrior becomes distracted by your gold, dreaming of imaginary riches.
There is an escape hatch in the floor here.
You slide downwards.
The hatch slams shut behind you.
You hear the hiss of flowing sand.
There is an entrance to an ossuary on this level.
Hurry and find it before the portal is buried!
You hear the slow hiss of a distant avalanche of sand.
Reactivating autopickup. 3 kobolds and Maggie come into view.
Maggie is wielding a +0 halberd of draining.
The kobold shouts! x2; The big kobold shouts!
The kobold shouts! x2
Maggie shouts!
The kobold barely misses you.
Maggie gestures wildly while chanting.
Maggie attempts to bespell you! You resist.
Found 10 gold pieces.
The kobold hits you. Maggie casts a spell at you. The bolt of fire hits you!
You die...
Your body crumbles into a pile of gold.

#.......?
##<.F.....
#.........
#......... #
#/........ .#
##...####...#
.##.K.####...##.
.....KKK..@.....
.....KK@........
................
.....K..........
###....###...##.
#.... ...#
...... ....#
....... ..$.#
....... ### $


You could see Maggie, a big kobold and 6 kobolds.

Vanquished Creatures
  Sigmund (D:6)
  An ogre (D:5)
  A centaur (D:6)
  2 centaur zombies (D:4)
  2 hounds
  A jelly (D:5)
  A bullfrog zombie (D:4)
  2 iguanas (D:4)
  3 worker ants
  A worker ant zombie (D:4)
  4 gnolls
  4 adders
  A shadow imp (D:5)
  A white imp (D:5)
  An ufetubus (D:5)
  An ooze (D:2)
  2 adder zombies (D:4)
  2 worms
  2 dart slugs
  A leopard gecko (D:2)
  4 orcs
  5 bats
  6 giant cockroaches
  4 goblins
  4 hobgoblins
  4 jackals
  9 kobolds
  2 quokkas
  A ball python (D:6)
  A ball python skeleton (D:4)
  3 frilled lizards
  2 leopard gecko skeletons (D:4)
  3 rats (D:1)
82 creatures vanquished.

Vanquished Creatures (others)
  5 withered plants (D:4)
5 creatures vanquished.

Grand Total: 87 creatures vanquished

Notes
Turn   | Place    | Note
-------+----------+-------------------------------------------
     0 | D:1      | H0rd4k the Octopode Transmuter began the quest for the Orb.
     0 | D:1      | Reached XP level 1. HP: 13/13 MP: 3/3
   172 | D:1      | Reached XP level 2. HP: 18/18 MP: 5/5
  1155 | D:2      | Reached XP level 3. HP: 10/23 MP: 6/6
  1668 | D:2      | Found a shimmering altar of Xom.
  1669 | D:2      | Found a shimmering altar of Xom.
  1670 | D:2      | Found a shimmering altar of Xom.
  1671 | D:2      | Found a shimmering altar of Xom.
  1671 | D:2      | Found a shimmering altar of Xom.
  1671 | D:2      | Found a shimmering altar of Xom.
  1677 | D:2      | Found a shimmering altar of Xom.
  2635 | D:3      | Reached XP level 4. HP: 28/28 MP: 7/7
  2639 | D:3      | Learned a level 3 spell: Spider Form
  2856 | D:3      | Reached skill level 1 in Stealth
  3601 | D:4      | Reached XP level 5. HP: 21/33 MP: 9/9
  3780 | D:4      | Reached skill level 4 in Unarmed Combat
  3868 | D:4      | Reached skill level 1 in Poison Magic
  3999 | D:4      | Found a staircase to the Ecumenical Temple.
  4019 | Temple   | Entered the Ecumenical Temple
  4128 | Temple   | Became a worshipper of Gozag Ym Sagoz the Greedy
  4182 | D:4      | Reached XP level 6. HP: 33/38 MP: 10/10
  4194 | D:4      | Learned a level 5 spell: Blade Hands
  4592 | D:4      | Found a snail-covered altar of Cheibriados.
  4595 | D:4      | Found a shimmering blue altar of Sif Muna.
  4597 | D:4      | Found a stormy altar of Qazlal.
  4597 | D:4      | Found a bloodstained altar of Trog.
  4597 | D:4      | Found a sparkling altar of Nemelex Xobeh.
  4597 | D:4      | Found a blossoming altar of Fedhas.
  4730 | D:4      | Reached skill level 5 in Unarmed Combat
  5010 | D:5      | Entered Level 5 of the Dungeon
  5071 | D:5      | Reached XP level 7. HP: 28/43 MP: 7/11
  5241 | D:5      | Found a runed translucent door.
  5242 | D:5      | Noticed Crazy Yiuf
  5314 | D:5      | Found a glowing silver altar of Zin.
  5314 | D:5      | Noticed an angel
  5336 | D:5      | Found Plog's General Store.
  5344 | D:5      | Bought a potion of heal wounds for 75 gold pieces
  5425 | D:5      | Found an opulent altar of Gozag.
  5916 | D:5      | Noticed Duvessa
  6307 | D:6      | Noticed Sigmund
  6686 | D:6      | Killed Sigmund
  6940 | D:6      | Reached skill level 1 in Shields
  7008 | D:7      | Noticed Maggie
  7009 | D:7      | Killed from afar by Maggie

Illustrated notes

Levels and vault maps discovered:
D:1:      heliophobic_arrival_henge, layout_basic, minmay_heptomino_w4
D:2:      layout_basic, xom_redecorated
D:3:      layout_basic
D:4:      layout_basic, minitemple, minmay_temple_entry_mist, serial_undead,
          serial_undead_e, serial_undead_c, serial_undead_b, serial_undead_b,
          serial_undead_f, serial_undead_b
D:5:      layout_gridville, zin_angel, serial_shops, shop, basic_altar,
          uniq_crazy_yiuf_cottage, uniq_duvessa
D:6:      gammafunk_steamed_eel, layout_basic, uniq_sigmund
D:7:      layout_gridville, chequers_ossuary_entry_cave, uniq_maggie
Temple:   dshaligram_water_room_temple

Skill      XL: |  1  2  3  4  5  6  7 |
---------------+----------------------+-----
Stealth        | 2 3 |  3.9
Unarmed Combat | 4 5 |  5.7
Poison Magic   | 1 2 3 |  3.1
Spellcasting   | 3 |  3.5
Dodging        | 3 |  3.2
Transmutations | 3 |  3.5
Shields        | 1 |  1.0
Fighting       | |  1.7

Action                   |  1- 3 |  4- 6 |  7- 9 || total
-------------------------+-------+-------+-------++-------
Melee: Unarmed           |    80 |   113 |    49 ||   242
       Constrict         |    20 |    25 |     5 ||    50
       Tentacles         |    16 |    23 |     7 ||    46
       Punch             |     3 |     1 |     1 ||     5
 Cast: Spider Form       |       |     1 |     4 ||     5
  Use: Scroll            |     7 |     1 |       ||     8
       Potion            |       |       |     1 ||     1
 Stab: Sleeping          |     6 |     7 |     1 ||    14
Armor: Skin              |     6 |     3 |     1 ||    10
Dodge: Dodged            |    51 |    59 |    42 ||   152
Block: Other             |       |    23 |    16 ||    39
       Reflection        |       |       |     2 ||     2
